 Dungeon Crawl Stone Soup version 0.18.1-50-g88ac8fd (webtiles) character file.

1397 magog001 the Blocker (level 8, -2/50 HPs)
             Began as a Gargoyle Fighter on Sept 26, 2018.
             Slain by an ogre
             ... wielding a +0 giant spiked club
              (19 damage)
             ... on level 6 of the Dungeon.
             The game lasted 00:29:05 (5400 turns).

magog001 the Blocker (Gargoyle Fighter)             Turns: 5400, Time: 00:29:05

Health: -2/50      AC: 25    Str: 21 (22) XL:     8   Next: 69%
Magic:  8/8        EV:  4    Int:  9      God:
Gold:   286        SH: 16    Dex: 12      Spells: 0 memorised, 7 levels left

rFire  . . .     SeeInvis .     b - +4 flail (protect)
rCold  . . .     Gourm    .     p - +0 chain mail
rNeg   + . .     Faith    .     x - +0 large shield
rPois  ∞         Spirit   .     (no helmet)
rElec  +         Dismiss  .     C - +4 cloak "Adol" {+Blink rCorr Dex+3 Stlth+}
rCorr  +         Reflect  .     (no gloves)
SustAt .         Harm     .     (no boots)
MR     .....                    t - amulet of regeneration
Stlth  ..........               (no ring)
                                (no ring)

@: not resistant to hostile enchantments, extremely unstealthy
A: hooves 1, negative energy resistance 1, electricity resistance, unbreathing,
petrification resistance, rot immunity, AC +5
a: Evoke Blink


You were on level 6 of the Dungeon.
You were near starving.

You visited 1 branch of the dungeon, and saw 6 of its levels.

You collected 286 gold pieces.

Inventory:

Hand Weapons
 b - a +4 flail of protection (weapon)
 u - a +0 hunting sling
Missiles
 d - 35 sling bullets
 i - 6 tomahawks (quivered)
Armour
 p - a +0 chain mail (worn)
 x - a +0 large shield (worn)
 C - the +4 cloak "Adol" (worn) {+Blink rCorr Dex+3 Stlth+}
   (You found it on level 4 of the Dungeon)

   It affects your dexterity (+3).
   It lets you blink.
   It protects you from acid and corrosion.
   It makes you more stealthy.
Jewellery
 t - an amulet of regeneration (around neck)
Wands
 s - a wand of slowing (15/48)
 y - a wand of paralysis (7/24)
 D - a wand of polymorph (6/24)
Scrolls
 a - a scroll of blinking {unknown}
 c - 2 scrolls of recharging {unknown}
 h - 3 scrolls of teleportation
 k - 3 scrolls of remove curse
 m - 3 scrolls of identify
 v - a scroll of amnesia {unknown}
Potions
 e - 4 potions of curing
 g - 3 potions of magic
 A - 2 potions of might
Comestibles
 f - 3 bread rations
 j - 6 meat rations
 l - 2 chunks of flesh
 r - a slice of pizza


   Skills:
 * Level 5.5 Fighting
   Level 2.4(3.2) Axes
 * Level 3.6(4.0) Maces & Flails
 * Level 5.8 Armour
 * Level 8.6 Shields


You had 7 spell levels left.
You didn't know any spells.

Dungeon Overview and Level Annotations

Branches:
Dungeon (6/15)
 Temple: D:4-7

Altars:
Pakellas
Sif Muna
Trog
Xom


Innate Abilities, Weirdness & Mutations

You are resistant to torment.
Your stone body is resilient (AC +5).
You are immune to poison.
You resist negative energy.
You are resistant to electric shocks.
You can survive without breathing.
You are immune to petrification.
You are immune to rotting.
You have large cloven feet.


Message History

You kill the goblin!
Your shield and chain mail prevent you from hitting the goblin.
You block the goblin's attack. x2
You barely miss the goblin. The goblin hits you but does no damage.
You hit the goblin.
You kill the goblin!
Things that are here:
a stone; a goblin corpse You barely miss the ogre.
The ogre hits you with a giant spiked club!!
You barely miss the ogre.
You are near starving!
The ogre hits you with a giant spiked club!
You hit the ogre.
The ogre is lightly wounded.
You block the ogre's attack.
You sock the ogre! You kick the ogre, but do no damage.
The ogre is heavily wounded.
The ogre hits you with a giant spiked club!!
You die...

######..#...............
#%..##..####.##.#.###...
#Og.'...# #.# .#.###...
#...# #.# ##.......
##[.# #.# #.##.... #.g#
#.# #.#..... ##g# #.#
#.##.... #O# #.#
#.##..#. #@# #.#
#....... #.# #.#
#.###.#. #.# #.#
#.###.#. #.#
#.####....... #.#
#..........#.
#.####..........#.
#.................
######.########.#. ###
##


You could see an ogre and 2 goblins.

Vanquished Creatures
  Eustachio (D:5)
  2 black bears (D:6)
  2 ogres
  A centaur (D:5)
  A giant frog (D:6)
  6 scorpions (D:5)
  A crimson imp (D:6)
  3 orc wizards
  A giant frog skeleton (D:4)
  An iguana (D:6)
  Jessica (D:2)
  3 worker ants
  6 adders
  3 shadow imps
  An ooze (D:2)
  2 adder skeletons
  5 worms
  A dart slug (D:1)
  5 giant geckos
  16 orcs
  5 giant cockroaches
  11 goblins
  4 hobgoblins
  6 jackals
  4 quokkas
  11 bats
  4 giant newts
  4 kobolds
  4 rats
  2 fungi (D:5)
117 creatures vanquished.

Vanquished Creatures (others)
  A fungus (D:5)
1 creature vanquished.

Grand Total: 118 creatures vanquished

Notes
Turn   | Place    | Note
--------------------------------------------------------------
     0 | D:1      | magog001 the Gargoyle Fighter began the quest for the Orb.
     0 | D:1      | Reached XP level 1. HP: 14/14 MP: 1/1
   332 | D:1      | Reached XP level 2. HP: 19/19 MP: 2/2
   656 | D:2      | Noticed Jessica
   660 | D:2      | Killed Jessica
   660 | D:2      | Reached XP level 3. HP: 9/24 MP: 3/3
   947 | D:2      | Reached skill level 4 in Shields
  1338 | D:2      | Reached XP level 4. HP: 29/29 MP: 4/4
  1698 | D:2      | Found a deep blue altar of Sif Muna.
  1938 | D:3      | Reached XP level 5. HP: 2/33 MP: 5/5
  1940 | D:3      | HP: 1/33 [orc/flail of protection (2)]
  2950 | D:4      | Reached skill level 5 in Shields
  3035 | D:4      | Reached XP level 6. HP: 39/39 MP: 6/6
  3339 | D:4      | Reached skill level 1 in Maces & Flails
  3379 | D:4      | Reached skill level 6 in Shields
  3521 | D:4      | Got a fine cloak
  3527 | D:4      | Identified the +4 cloak "Adol" {+Blink rCorr Dex+3 Stlth+} (You found it on level 4 of the Dungeon)
  3697 | D:5      | Entered Level 5 of the Dungeon
  4035 | D:5      | Noticed Eustachio
  4048 | D:5      | Killed Eustachio
  4048 | D:5      | Reached XP level 7. HP: 44/44 MP: 7/7
  4139 | D:5      | Reached skill level 5 in Armour
  4568 | D:5      | Found a shimmering altar of Xom.
  4643 | D:5      | Found an oddly glowing altar of Pakellas.
  4749 | D:5      | Reached skill level 7 in Shields
  4791 | D:5      | Reached skill level 5 in Fighting
  4791 | D:5      | Reached XP level 8. HP: 44/49 MP: 8/8
  4993 | D:6      | Found a bloodstained altar of Trog.
  5012 | D:6      | Reached skill level 8 in Shields
  5038 | D:6      | Gained mutation: You have large cloven feet. [potion of beneficial mutation]
  5400 | D:6      | Slain by an ogre

Skill      XL: |  1  2  3  4  5  6  7  8 |
---------------+-------------------------+-----
Axes           | 2 |  2.4
Shields        | 4 5 6 7 8 |  8.6
Armour         | 4 5 |  5.8
Fighting       | 4 5 |  5.5
Maces & Flails | 2 3 |  3.6

Action                   |  1- 3 |  4- 6 |  7- 9 || total
-------------------------+-------+-------+-------++-------
Melee: War axe           |    78 |    81 |       ||   159
       Flail             |       |   171 |   155 ||   326
       Kick              |       |       |    11 ||    11
Evoke: Wand              |       |     1 |       ||     1
  Use: Potion            |       |     1 |     8 ||     9
       Scroll            |       |     5 |       ||     5
 Stab: Paralysed         |       |     8 |       ||     8
  Eat: Chunk             |     1 |     4 |     3 ||     8
       Meat ration       |       |     1 |       ||     1
       Fruit             |       |     1 |       ||     1
Armor: Scale mail        |    29 |       |       ||    29
       Chain mail        |    16 |   142 |   101 ||   259
Dodge: Dodged            |    29 |    23 |    24 ||    76
Block: Shield            |    45 |    10 |       ||    55
       Large shield      |       |   178 |   178 ||   356
